 Dungeon Crawl Stone Soup version 0.31-a0-836-g3ceb0a68c4 (webtiles) character file.

Game seed: 2460303019397984918

494 javelincjr the Changeling (level 7, 0/50 HPs)
             Began as a Djinni Shapeshifter on Sept 26, 2023.
             Was an Initiate of Qazlal.
             Slain by an orc warrior
             ... wielding a +0 mace
              (5 damage)
             ... on level 5 of the Dungeon.
             The game lasted 00:14:36 (3409 turns).

javelincjr the Changeling (Djinni Shapeshifter)     Turns: 3409, Time: 00:14:37

Health: 0/50       AC:  2    Str: 12 (15) XL:     7   Next: 38%
Gold:   146        EV: 13    Int:  9 (11) God:    Qazlal [......] SH:  0 Dex: 11 (13)

rFire   + + +        i - +2 scythe (flame)
rCold   . . .        (shield currently unavailable)
rNeg    . . .        a - +0 animal skin
rPois   ∞            (helmet currently unavailable)
rElec   +            (cloak currently unavailable)
rCorr   +            (gloves currently unavailable)
SInv    .            (boots unavailable)
Will    .....        C - amulet of regeneration
Stlth   +            (no ring)
HPRegen 1.08/turn    (no ring)
MPRegen 0.00/turn

%: infuse magic (-1 HP)
@: beast-form, resistant, flying
A: beast (slay +2), flying, sickness immunity, fire resistance 2, cold
vulnerability 1, float, innate caster, HP casting, extra vitality 1
a: Begin Untransformation, Renounce Religion


You were on level 5 of the Dungeon.
You worshipped Qazlal.
Qazlal was noncommittal.
You were a hulking beast.
You visited 1 branch of the dungeon, and saw 5 of its levels.

You collected 146 gold pieces.

Inventory:

Hand Weapons
 i - a +2 scythe of flaming (weapon)
Armour
 a - a +0 animal skin (worn)
 m - an orb of mayhem
 o - a +0 cloak
 r - a +0 helmet
 B - a +0 tower shield
Magical Staves
 l - the staff "Veseumug" {SInv Conj}
   (You found it on level 3 of the Dungeon)

   [staff of conjuration]

   Base accuracy: +5 Base damage: 5 Base attack delay: 1.2 This weapon's minimum
   attack delay (0.6) is reached at skill level 12.
   SInv:      It lets you see invisible.
   Conj:      It increases the power of your Conjurations spells.
   It falls into the 'Staves' category.
   It is a one-handed weapon.
Jewellery
 C - an amulet of regeneration (around neck)
Talismans
 c - a beast talisman (active)
 d - a flux talisman
 n - a maw talisman
Wands
 y - a wand of flame (15)
Scrolls
 e - a scroll of poison {unknown}
 f - 3 scrolls of noise {unknown}
 g - a scroll of enchant weapon {unknown}
 j - a scroll of fog {unknown}
 s - 4 scrolls of identify
 t - 3 scrolls of blinking {unknown}
 v - a scroll of fear {unknown}
 w - a scroll of enchant armour {unknown}
 A - a scroll of immolation {unknown}
Potions
 b - 2 potions of lignification
 h - 3 potions of brilliance
 k - a potion of mutation
 p - a potion of heal wounds {unknown}
 q - a potion of enlightenment {unknown}
 u - 2 potions of degeneration
 x - a potion of resistance
 z - 2 potions of invisibility {unknown}


   Skills:
 + Level 3.2 Fighting
 + Level 4.1 Dodging
 + Level 4.4 Unarmed Combat
 * Level 4.6 Shapeshifting


You knew the following spells:

 Your Spells              Type           Power      Damage    Failure   Level
a - Shock                 Conj/Air       0%         1d3       38%         1
b - Passwall              Tmut/Erth      0%         N/A       52%         2
c - Vampiric Draining     Necr           0%         2d6       77%         3
Your spell library was empty.

Dungeon Overview and Level Annotations

Branches:
Dungeon (5/15)
 Temple: D:4-7

Altars:
Qazlal
Ru
Xom

Shops:
D:1 [   D:2 =?([=


Innate Abilities, Weirdness & Mutations

You are a hulking beast.
Your limbs bulge with bestial killing power. (Slay +2)
You are flying.
You are immune to sickness and miasma.
You are immune to poison.
Your flesh is very heat resistant. (rF++)
You are vulnerable to cold. (rC-)
You float through the air rather than walking.
You learn spells naturally, not from books.
Your magical power is your life essence.
You have superior vitality. (+4 MHP)


Message History

You slash the orc warrior! You burn the orc warrior.
The orc warrior is severely wounded.
The orc warrior hits you with a +0 mace.
The orc wizard points at you and mumbles some strange words.
The puff of flame hits you. You resist.
The orc warrior hits you with a +0 mace!
The orc wizard barely misses you.
You closely miss the orc wizard.
The orc wizard gestures at you while chanting.
You easily resist.
The orc warrior barely misses you.
The orc wizard hits you with a +0 dagger.
The orc wizard hits you with a +4 dagger!
You hit the orc wizard. You burn the orc wizard.
The orc wizard is lightly wounded.
The orc warrior hits you with a +0 mace.
The orc wizard barely misses you.
The orc wizard hits you with a +4 dagger!
The orc warrior hits you with a +0 mace!
* * * LOW HITPOINT WARNING * * *
The orc wizard barely misses you.
You hit the orc wizard. You burn the orc wizard.
The orc wizard is moderately wounded.
The orc wizard completely misses you.
The orc warrior hits you with a +0 mace.
* * * LOW HITPOINT WARNING * * *
The orc wizard hits you but does no damage.
The orc wizard closely misses you.
It was a potion of degeneration.
There was something very wrong with that liquid.
You feel weakened.
You feel dopey.
You feel clumsy.
The orc warrior hits you with a +0 mace.
* * * LOW HITPOINT WARNING * * *
The orc wizard hits you with a +0 dagger.
* * * LOW HITPOINT WARNING * * *
The orc wizard hits you with a +4 dagger.
* * * LOW HITPOINT WARNING * * *
It was a potion of resistance.
You feel protected.
The orc warrior hits you with a +0 mace.
You die...

# #### #. ..#
#.##.###
.......#
#..#.#
#....####
#.......#
#.oo.##.#
#.#.#h###.o.
#....o..###o..
###.#.#.#
..... #.#.#.#
.... #.#.#.#
... .......
### #.#.#.#
#.#.# .. !.


You could see an orc warrior and 2 orc wizards.

Vanquished Creatures
  Sigmund (D:3)
  A phantom (D:4)
  Jessica (D:2)
  A sleepcap (D:4)
  Natasha (thrice) (D:3)
  5 adders
  2 worms
  3 dart slugs
  11 ball pythons
  11 endoplasms
  2 giant cockroaches (D:1)
  5 goblins
  5 hobgoblins
  2 jackals (D:3)
  6 quokkas
  3 bats
  3 frilled lizards
  17 kobolds
  7 rats
89 creatures vanquished.

Notes
Turn   | Place    | Note
-------+----------+-------------------------------------------
     0 | D:1      | javelincjr the Djinni Shapeshifter began the quest for the
                  | Orb.
     0 | D:1      | Reached XP level 1. HP: 17/17 MP: 0/0
    68 | D:1      | Reached XP level 2. HP: 12/22 MP: 0/0
   113 | D:1      | Upgraded the game from 0.31-a0-833-gc15d34cb79 to
                  | 0.31-a0-836-g3ceb0a68c4
   343 | D:1      | Reached XP level 3. HP: 26/27 MP: 0/0
   343 | D:1      | Learned a level 1 spell: Shock
   399 | D:1      | Found Nurgheur's Armour Shoppe.
  1078 | D:2      | Found Cofyff's Weapon Emporium.
  1123 | D:2      | Found Lyrih's Antique Armour Shoppe.
  1147 | D:2      | Found a faded altar of an unknown god.
  1199 | D:2      | Reached XP level 4. HP: 28/33 MP: 0/0
  1222 | D:2      | Found Qaniawn's Jewellery Shoppe.
  1588 | D:2      | Noticed Jessica
  1598 | D:2      | Killed Jessica
  1653 | D:2      | Found Qimouty's Jewellery Shop.
  1661 | D:2      | Found Qeomniown's Magic Scroll Shop.
  1858 | D:3      | Reached XP level 5. HP: 37/38 MP: 0/0
  1858 | D:3      | Learned a level 2 spell: Passwall
  1898 | D:3      | Noticed Sigmund
  1919 | D:3      | Killed Sigmund
  1920 | D:3      | Reached XP level 6. HP: 43/45 MP: 0/0
  1941 | D:3      | Identified the staff "Veseumug" {SInv Conj}
  2151 | D:3      | Noticed Natasha
  2155 | D:3      | Killed Natasha
  2344 | D:3      | Found a stormy altar of Qazlal.
  2354 | D:3      | Noticed Natasha
  2360 | D:3      | Killed Natasha
  2580 | D:3      | Noticed Natasha
  2587 | D:3      | Killed Natasha
  2652 | D:4      | Reached XP level 7. HP: 46/50 MP: 0/0
  2652 | D:4      | Learned a level 3 spell: Vampiric Draining
  3331 | D:3      | Found a sacrificial altar of Ru.
  3335 | D:3      | Found a shimmering altar of Xom.
  3355 | D:3      | Became a worshipper of Qazlal Stormbringer
  3385 | D:5      | Entered Level 5 of the Dungeon
  3409 | D:5      | Slain by an orc warrior

Illustrated notes

Levels and vault maps discovered:
D:1:      lemuel_arrival_broad_hall, layout_basic, serial_shops, shop_statue,
          lexackson_kobold_supper
D:2:      layout_loops_ring, serial_shops, nicolae_shop_advertising_works
          [nicolae_subvault_shop_adworks], nicolae_shop_waterfront, shop, shop,
          shop, dreamdust_ecumenical_altar_statues, uniq_jessica
D:3:      layout_loops_ring, nicolae_overflow_hidden_temple,
          mainiacjoe_overflow_tiny_flanked, uniq_natasha, uniq_sigmund
D:4:      layout_cave_pools, fiery_altar_vehumet, chequers_mini_garden,
          hellmonk_no_cap
D:5:      layout_basic, serial_rivers, chequers_serial_rivers_micro_c,
          chequers_serial_rivers_micro_b, chequers_serial_rivers_small_3,
          chequers_serial_rivers_micro_c, chequers_serial_rivers_small_3,
          chequers_serial_rivers_micro_b

Skill      XL: |  1  2  3  4  5  6  7 |
---------------+----------------------+-----
Shapeshifting  | 3 4 |  4.6
Fighting       | 2 3 |  3.2
Dodging        | 3 4 |  4.1
Unarmed Combat | 4 |  4.4

Action                     |  1- 3 |  4- 6 |  7- 9 || total
---------------------------+-------+-------+-------++-------
  Melee: Unarmed           |   154 |    56 |       ||   210
         Punch             |     1 |       |       ||     1
         Halberd           |       |    46 |    51 ||    97
   Cast: Shock             |     1 |       |       ||     1
    Use: Scroll            |       |     3 |       ||     3
         Potion            |       |     1 |     2 ||     3
   Stab: Sleeping          |     1 |     3 |       ||     4
 Armour: Animal skin       |    48 |    44 |    38 ||   130
  Dodge: Dodged            |    65 |    63 |    48 ||   176

Table legend: (Time is in decaauts)
 A = Elapsed time spent in this place.
 B = Non-inter-level travel time spent in this place.
 C = Inter-level travel time spent in this place.
 D = Time resting spent in this place.
 E = Time spent auto-exploring this place.
 F = Levels seen in this place.
 G = Mean time per level.
                   A        B        C        D        E       F      G
               +--------+--------+--------+--------+--------+-----+--------+
         Total |   3446 |   3311 |    135 |      0 |   2529 |   5 |  689.2 |
       Dungeon |   3446 |   3311 |    135 |      0 |   2529 |   5 |  689.2 |
               +--------+--------+--------+--------+--------+-----+--------+

Top non-repeatable levels by time:
     D:1: 976 daAuts
     D:3: 867 daAuts
     D:2: 817 daAuts
     D:4: 758 daAuts
     D:5: 26 daAuts
